 Dungeon Crawl Stone Soup version 0.18-a0-1160-geb89fc2 (webtiles) character file.

9943 namelastname112 the Gouger (level 11, -1/49 HPs)
             Began as a Felid Transmuter on Jan 25, 2016.
             Was an Elder of Sif Muna.
             Slain by a spiny frog (24 damage)
             ... on level 1 of the Lair of Beasts.
             The game lasted 00:41:45 (16898 turns).

namelastname112 the Gouger (Felid Transmuter)      Turns: 16898, Time: 00:41:45

Health: -1/49      AC:  3    Str:  6    XL:     11   Next: 29%
Magic:  18/22      EV: 29    Int: 22    God:    Sif Muna [****..]
Gold:   681        SH:  0    Dex: 16    Spells: 6 memorised, 6 levels left
                                        Lives:  0   Deaths: 3

rFire  . . .     SeeInvis +       - Unarmed
rCold  . . .     Gourm    .     (armour unavailable)
rNeg   . . .     Faith    +     (shield unavailable)
rPois  +         Spirit   .     (helmet unavailable)
rElec  .         Dismiss  .     (cloak unavailable)
rCorr  .         Reflect  .     (gloves unavailable)
SustAt .         Harm     .     (boots unavailable)
MR     +....     Rnd*Rage +     p - amulet of faith
Stlth  ++++......               D - +5 ring of evasion
                                g - +3 ring of intelligence

@: blade paws, quick, somewhat resistant to hostile enchantments, stealthy
A: no armour, no weapons or thrown items, claws 1, fangs 3, molten scales 1, see
invisible, berserk 1, carnivore 3, speed 1, poison resistance, shaggy fur 2,
slow metabolism 1, wild magic 1, (sharp paws)
a: End Transformation, Channel Energy, Forget Spell, Renounce Religion


You were on level 1 of the Lair of Beasts.
You worshipped Sif Muna.
Sif Muna was greatly pleased with you.
You were very full.
You had blades for front paws.
You visited 3 branches of the dungeon, and saw 13 of its levels.

You collected 681 gold pieces.

Inventory:

Missiles
 a - 44 arrows
 T - 7 arrows of frost
Jewellery
 g - a +3 ring of intelligence (left scythe-like blade)
 m - a +4 ring of strength
 p - an amulet of faith (around neck)
 s - an uncursed ring of protection from magic
 v - an uncursed ring of flight
 w - an uncursed ring of poison resistance
 y - an uncursed amulet of regeneration
 z - an uncursed ring of ice
 D - a +5 ring of evasion (right scythe-like blade)
 L - an uncursed ring of ice
Wands
 A - a wand of disintegration (3/24)
 C - a wand of enslavement (7/24)
 J - a wand of fire (1/15)
Scrolls
 d - a scroll of acquirement {unknown}
 e - 6 scrolls of remove curse
 h - 3 scrolls of identify
 i - 4 scrolls of random uselessness {unknown}
 k - 2 scrolls of teleportation {unknown}
 n - a scroll of noise {unknown}
 o - 5 scrolls of magic mapping
 q - 2 scrolls of blinking
 r - 2 scrolls of amnesia
 t - 2 scrolls of fear {unknown}
 B - 3 scrolls of enchant weapon {unknown}
 M - a scroll of fog {unknown}
 S - a scroll of summoning {unknown}
Potions
 f - 3 potions of might
 j - 3 potions of haste
 u - 2 potions of poison
 E - a potion of flight
 F - 3 potions of cancellation {unknown}
 G - 4 potions of heal wounds
 H - a potion of curing
 I - 3 potions of lignification {unknown}
 R - a potion of invisibility
Books
 b - a book of Changes

   Spells                             Type                      Level
   a - Beastly Appendage              Transmutation                1
   b - Sticks to Snakes               Transmutation                2
   c - Spider Form                    Transmutation/Poison         3
   d - Ice Form                       Ice/Transmutation            4
   e - Blade Hands                    Transmutation                5
 x - a Young Poisoner's Handbook

   Spells                             Type                      Level
   a - Sting                          Conjuration/Poison           1
   b - Cure Poison                    Poison                       2
   c - Mephitic Cloud                 Conjuration/Poison/Air       3
   d - Olgreb's Toxic Radiance        Poison                       4
   e - Venom Bolt                     Conjuration/Poison           5
 K - a book of Necromancy

   Spells                             Type                      Level
   a - Pain                           Necromancy                   1
   b - Animate Skeleton               Necromancy                   1
   c - Vampiric Draining              Necromancy                   3
   d - Regeneration                   Charms/Necromancy            3
   e - Animate Dead                   Necromancy                   4
   f - Control Undead                 Necromancy                   4
 N - a book of Debilitation

   Spells                             Type                      Level
   a - Corona                         Hexes                        1
   b - Slow                           Hexes                        2
   c - Gell's Gravitas                Hexes/Translocation          3
   d - Inner Flame                    Hexes/Fire                   3
   e - Cause Fear                     Hexes                        4
   f - Leda's Liquefaction            Hexes/Earth                  4
 P - a book of the Warp

   Spells                             Type                      Level
   a - Recall                         Summoning/Translocation      3
   b - Gell's Gravitas                Hexes/Translocation          3
   c - Force Lance                    Conjuration/Translocation    4
   d - Phase Shift                    Translocation                5
   e - Warp Weapon                    Charms/Translocation         5
   f - Summon Forest                  Summoning/Translocation      5
Comestibles
 c - 9 meat rations
 l - 2 beef jerkies
 O - a slice of pizza
 Q - 7 royal jellies


   Skills:
 - Level 6.8 Fighting
 - Level 9.4 Dodging
 + Level 9.4 Stealth
 - Level 10.2 Unarmed Combat
 * Level 7.1 Spellcasting
 * Level 4.1 Charms
 * Level 8.7 Transmutations
 - Level 4.4 Invocations


You had 6 spell levels left.
You knew the following spells:

 Your Spells              Type           Power        Failure   Level  Hunger
a - Beastly Appendage     Trmt           ######       19%         1    None
b - Blade Hands           Trmt           ######....   56%         5    #####..
c - Spider Form           Trmt/Pois      #####.....   47%         3    None
d - Regeneration          Chrm/Necr      ####......   65%         3    None
e - Ice Form              Ice/Trmt       #####...     69%         4    ###....
x - Sticks to Snakes      Trmt           ######..     22%         2    None


Dungeon Overview and Level Annotations

Branches:
Dungeon (11/15)            Temple (1/1) D:6            Lair (1/8) D:11
    Orc (0/2) D:11

Altars:
Ashenzari
Cheibriados
Dithmenos
Elyvilon
Fedhas
Gozag
Kikubaaqudgha
Makhleb
Nemelex Xobeh
Okawaru
Pakellas
Qazlal
Ru
Sif Muna
Trog
Vehumet
Xom
Yredelemnul
Zin
The Shining One

Shops:
D:8 *   D:9 !

Annotations:
D:9 poirepourri's ghost, novice DsBe


Innate Abilities, Weirdness & Mutations

You cannot wear armour.
You are incapable of wielding weapons or throwing items.
You have sharp claws.
You have razor-sharp teeth.
You have supernaturally acute eyesight.
You are carnivorous and can eat meat at any time.
You cover ground quickly.
You are covered in thick fur (AC +2).
You have a slow metabolism.
((Your sharp claws are effective at attacking unaware monsters.))
You are partially covered in molten scales (AC +1).
You tend to lose your temper in combat.
Your system is resistant to poisons.
Your spells are a little harder to cast, but a little more powerful.


Message History

You slash the spiny frog!
You bite the spiny frog, but do no damage.
The spiny frog is moderately wounded.
The spiny frog completely misses you. The river rat misses you.
You slash the spiny frog!
The spiny frog is heavily wounded.
The spiny frog completely misses you.
You slash the spiny frog! You bite the spiny frog.
The spiny frog is almost dead.
The river rat completely misses you. The spiny frog misses you.
You hit the spiny frog but do no damage.
The spiny frog is almost dead.
The river rat bites you! The spiny frog completely misses you.
You hit the spiny frog but do no damage.
The spiny frog is almost dead.
The river rat misses you. The spiny frog stings you.
You hit the spiny frog but do no damage.
The spiny frog is almost dead.
The spiny frog stings you!!
You die...

##.......#
##.......#
##...!...#
##........#
##.......###
##.......##
#.......##
###.....rF#
##.......#@#
##........###
##........##
##........##
###.......#P#
#.........###
##.....####
##.....P#
.......##


You could see a spiny frog and a river rat.

Vanquished Creatures
  Nergalle (D:10)
  A hill giant (D:11)
  A cyclops (D:11)
  A gargoyle (D:10)
  5 spiny frogs (Lair:1)
  A komodo dragon (Lair:1)
  A queen bee (D:11)
  2 trolls
  A wyvern (D:11)
  5 yaks (Lair:1)
  A wraith (D:11)
  Eustachio (D:6)
  5 hippogriffs
  A hungry ghost (D:11)
  5 wolves (Lair:1)
  A mottled dragon (D:11)
  A porcupine (Lair:1)
  3 water moccasins
  Duvessa (D:5)
  An ice beast (D:8)
  4 orc warriors
  2 sky beasts
  2 black bears
  4 phantoms (D:7)
  A wasp (D:10)
  2 ogres
  2 centaurs
  6 crocodiles
  A big kobold (D:11)
  5 giant frogs
  Dowan (D:5)
  A water moccasin skeleton (D:6)
  2 scorpions
  23 killer bees
  5 wights (D:10)
  3 crimson imps
  3 giant frog zombies
  3 jellies
  6 hounds
  2 quasits (D:11)
  A gnoll shaman (D:7)
  7 orc wizards
  4 centaur skeletons
  5 orc priests
  4 iguanas
  4 giant frog skeletons
  10 worker ants
  A killer bee zombie (D:6)
  A hound zombie (D:7)
  2 worker ant zombies
  11 adders
  9 gnolls
  17 river rats
  A shadow imp (D:5)
  An adder skeleton (D:5)
  3 worms
  2 giant geckos
  32 orcs
  3 ball pythons
  5 giant cockroaches
  4 goblins
  8 hobgoblins
  16 jackals
  A quokka (D:10)
  15 bats
  2 giant gecko skeletons
  2 giant newts
  8 kobolds
  18 rats
314 creatures vanquished.

Vanquished Creatures (collateral kills)
  2 hill giants (D:10)
  An ugly thing (D:10)
  Joseph (Lair:1)
  4 yaks
  A steam dragon (D:10)
  A soldier ant (D:10)
  2 orc warriors (D:11)
  An ice beast (D:7)
  3 ogres
  2 centaurs (D:10)
  A big kobold (D:11)
  A wyvern skeleton (D:8)
  8 killer bees
  A crimson imp (D:10)
  An orc priest (D:10)
  A jelly (D:9)
  An orc wizard (D:9)
  A giant frog skeleton (D:10)
  A centaur skeleton (D:10)
  A worker ant (D:10)
  3 gnolls (D:11)
  An adder (D:2)
  A shadow imp (D:10)
  A worm (D:2)
  11 orcs
52 creatures vanquished.

Vanquished Creatures (others)
  A giant frog (D:6)
  An orc wizard (D:10)
  A fungus (Lair:1)
3 creatures vanquished.

Grand Total: 369 creatures vanquished

Notes
Turn   | Place    | Note
--------------------------------------------------------------
     0 | D:1      | namelastname112 the Felid Transmuter began the quest for the Orb.
     0 | D:1      | Reached XP level 1. HP: 9/9 MP: 4/4
   176 | D:1      | Reached XP level 2. HP: 10/12 MP: 4/6
   788 | D:1      | Reached XP level 3. HP: 8/15 MP: 5/7
   804 | D:1      | Learned a level 2 spell: Sticks to Snakes
   808 | D:1      | Learned a level 3 spell: Spider Form
  1427 | D:2      | Reached skill level 1 in Stealth
  1700 | D:2      | Reached XP level 4. HP: 11/19 MP: 3/8
  2749 | D:3      | Found a faded altar to an unknown god.
  2792 | D:3      | Reached XP level 5. HP: 8/23 MP: 3/9
  3529 | D:4      | Reached skill level 4 in Unarmed Combat
  3994 | D:4      | Gained mutation: You are covered in thick fur (AC +2). [Felid growth]
  3994 | D:4      | Reached XP level 6. HP: 25/27 MP: 10/10
  4233 | D:5      | Entered Level 5 of the Dungeon
  4321 | D:5      | Noticed Dowan
  4324 | D:5      | Noticed Duvessa
  4771 | D:4      | Gained mutation: Your system is resistant to poisons. [potion of mutation]
  4771 | D:4      | Gained mutation: You are partially covered in molten scales (AC +1). [potion of mutation]
  4771 | D:4      | Gained mutation: You tend to lose your temper in combat. [potion of mutation]
  4787 | D:5      | Killed Duvessa
  4787 | D:5      | Killed Dowan
  4787 | D:5      | Reached skill level 5 in Dodging
  4999 | D:5      | Reached skill level 5 in Unarmed Combat
  5037 | D:5      | Reached XP level 7. HP: 31/31 MP: 11/11
  5527 | D:5      | Gained mutation: Your spells are a little harder to cast, but a little more powerful. [mutagenic meat]
  5943 | D:6      | Found a white marble altar of Elyvilon.
  6226 | D:6      | Mangled by an orc warrior
  6227 | D:6      | Reached XP level 6. HP: -12/28 MP: 3/10
  6410 | D:6      | Reached skill level 5 in Stealth
  6410 | D:6      | Reached skill level 6 in Unarmed Combat
  6599 | D:6      | Reached XP level 7. HP: 29/32 MP: 11/11
  6606 | D:6      | Found a basalt altar of Yredelemnul.
  6805 | D:6      | Noticed Eustachio
  6815 | D:6      | Killed Eustachio
  6926 | D:6      | Reached skill level 7 in Unarmed Combat
  6926 | D:6      | Reached XP level 8. HP: 24/36 MP: 7/12
  7340 | D:6      | Found a staircase to the Ecumenical Temple.
  7349 | Temple   | Entered the Ecumenical Temple
  7393 | Temple   | Became a worshipper of Sif Muna the Loreminder
  7755 | D:7      | Reached skill level 1 in Invocations
  7808 | D:7      | Succumbed to poison (a potion of poison)
  7809 | D:7      | Reached XP level 7. HP: -3/33 MP: 8/12
  8157 | D:7      | Reached XP level 8. HP: 21/36 MP: 13/13
  8514 | D:7      | Reached skill level 5 in Fighting
  8897 | D:7      | Reached skill level 8 in Unarmed Combat
  8922 | D:7      | Reached * piety under Sif Muna
  9450 | D:8      | Reached XP level 9. HP: 37/40 MP: 16/16
  9452 | D:8      | Found Gozag's Platinum Reserve.
  9452 | D:8      | Found an opulent altar of Gozag.
  9840 | D:8      | Found a bloodstained altar of Trog.
 10277 | D:8      | Reached skill level 5 in Transmutations
 10465 | D:9      | Noticed poirepourri's ghost (novice DsBe)
 10489 | D:9      | Found a stormy altar of Qazlal.
 10775 | D:9      | Noticed a troll
 10794 | D:9      | Found Rewk's Distillery.
 10816 | D:10     | Entered Level 10 of the Dungeon
 11091 | D:10     | Noticed a hill giant
 11171 | D:10     | Killed a hill giant
 11418 | D:10     | Noticed a troll
 11426 | D:10     | Noticed Nergalle
 11427 | D:10     | Killed a troll
 11427 | D:10     | Reached ** piety under Sif Muna
 11476 | D:10     | Killed Nergalle
 11476 | D:10     | Reached skill level 9 in Unarmed Combat
 11476 | D:10     | Reached skill level 5 in Spellcasting
 11476 | D:10     | Reached XP level 10. HP: 21/45 MP: 6/18
 11645 | D:10     | Noticed a hill giant
 11695 | D:10     | Killed a hill giant
 12305 | D:10     | Noticed a brown ugly thing
 12483 | D:10     | Killed a brown ugly thing
 13132 | D:10     | Noticed a gargoyle
 13206 | D:10     | Killed a gargoyle
 13492 | D:11     | Learned a level 3 spell: Regeneration
 13551 | D:11     | Noticed a hill giant
 13557 | D:11     | Killed a hill giant
 14051 | D:11     | Learned a level 5 spell: Blade Hands
 14056 | D:11     | Learned a level 4 spell: Ice Form
 14058 | D:11     | Found a staircase to the Lair.
 14339 | D:11     | Slain by a killer bee
 14340 | D:11     | Reached XP level 9. HP: -3/50 MP: 16/19
 14461 | D:11     | Reached XP level 10. HP: 46/46 MP: 11/20
 14482 | D:11     | Noticed a cyclops
 14492 | D:11     | Killed a cyclops
 14864 | D:11     | Found a staircase to the Orcish Mines.
 14890 | D:11     | Reached *** piety under Sif Muna
 14974 | D:11     | Reached skill level 10 in Unarmed Combat
 15500 | Lair:1   | Entered Level 1 of the Lair of Beasts
 15524 | Lair:1   | Reached skill level 1 in Charms
 15713 | Lair:1   | Noticed a spiny frog
 15720 | Lair:1   | Killed a spiny frog
 16109 | Lair:1   | Noticed a spiny frog
 16120 | Lair:1   | Killed a spiny frog
 16120 | Lair:1   | Reached XP level 11. HP: 46/49 MP: 17/22
 16154 | Lair:1   | Noticed Joseph
 16347 | Lair:1   | Reached **** piety under Sif Muna
 16495 | Lair:1   | Killed Joseph
 16898 | Lair:1   | Slain by a spiny frog

Vault maps used:
D:1:      dpeg_arrival_arbitrary_a
D:2:      first_bread, serial_bayou_pond_a, nrook_mini_vaults
D:3:      ecumenical_altar_1, minmay_misc_feat_diagonals
D:5:      uniq_duvessa
D:6:      kennysheep_ying_yang, lemuel_temple_firewalk_marked, uniq_eustachio
D:8:      nicolae_gozag_zags_fifth_avenue, trog_book
D:9:      old_standard_altar, serial_shops, shop
D:10:     nicolae_whirlpool, uniq_nergalle
D:11:     grunt_lair_entry_orc_guard_hut,
          kennysheep_orc_monster_closet_entryway, david_nohive_1
Temple:   nicolae_temple_the_god_donut
Lair:1:   uniq_joseph

Action                   |  1- 3 |  4- 6 |  7- 9 | 10-12 || total
-------------------------+-------+-------+-------+-------++-------
Melee: Unarmed           |   104 |   169 |   367 |   420 ||  1060
 Cast: Beastly Appendage |    12 |     8 |     4 |     4 ||    28
       Sticks to Snakes  |     3 |     7 |    47 |    62 ||   119
       Spider Form       |     2 |    12 |    25 |     7 ||    46
       Ice Form          |       |       |     2 |     6 ||     8
       Blade Hands       |       |       |       |     8 ||     8
Evoke: Wand              |       |       |     9 |     6 ||    15
  Use: Potion            |     1 |     3 |     4 |       ||     8
       Scroll            |       |     4 |    10 |     1 ||    15
 Stab: Sleeping          |     4 |    11 |    19 |    25 ||    59
       Distracted        |       |       |     5 |     3 ||     8
  Eat: Chunk             |     9 |    14 |    20 |    26 ||    69
